 Dungeon Crawl Stone Soup version 0.26.1-11-gd32895ea62 (webtiles) character file.

Game seed: 13815665812914323826

86 Zeld the Chucker (level 4, -1/42 HPs)
             Began as a Troll Hunter on June 7, 2021.
             Killed from afar by Sigmund (5 damage)
             ... with a puff of flame
             ... on level 2 of the Dungeon.
             The game lasted 00:01:40 (1871 turns).

Zeld the Chucker (Troll Hunter)                     Turns: 1871, Time: 00:01:40

Health: -1/42      AC:  6    Str: 21    XL:     4   Next: 26%
Magic:  3/3        EV:  7    Int:  7    God:
Gold:   55         SH:  7    Dex: 10    Spells: 3/3 levels left

rFire    . . .     SeeInvis .   (no weapon)
rCold    . . .     Faith    .   e - +0 kite shield
rNeg     . . .     Spirit   .   b - +0 robe
rPois    .         Reflect  .   (helmet restricted)
rElec    .         Harm     .   (no cloak)
rCorr    .         Rampage  .   (gloves unavailable)
Will     .....                  (boots unavailable)
Stlth    +.........             (no amulet)
HPRegen  0.54/turn              (no ring)
MPRegen  0.08/turn              (no ring)

@: no status effects
A: large, unfitting armour, claws 3, regeneration 1, shaggy fur 1, tough skin 3
a: no special abilities


You were on level 2 of the Dungeon.
You visited 1 branch of the dungeon, and saw 2 of its levels.

You collected 55 gold pieces.

Inventory:

Missiles
 c - 5 large rocks (quivered)
 d - 2 throwing nets
Armour
 b - a +0 robe (worn)
 e - a +0 kite shield (worn)
Jewellery
 i - an uncursed ring of wizardry {unknown}
 n - an uncursed ring of wizardry {unknown}
Scrolls
 a - a scroll of identify {unknown}
 g - a scroll of amnesia {unknown}
 h - 3 scrolls of random uselessness {unknown}
 j - a scroll of remove curse {unknown}
 k - 2 scrolls of noise {unknown}
 m - a scroll of teleportation {unknown}
 o - a scroll of enchant weapon {unknown}
Potions
 f - 3 potions of curing {unknown}
 l - a potion of haste {unknown}


   Skills:
 + Level 2.2 Fighting
 * Level 4.5 Throwing
 + Level 2.2 Dodging
 - Level 0.3 Stealth


You had 3 spell levels left.
You didn't know any spells.
Your spell library was empty.

Dungeon Overview and Level Annotations

Branches:
Dungeon (2/15)

Altars:
Fedhas

Annotations:
D:2 Sigmund


Innate Abilities, Weirdness & Mutations

You are too large for most types of armour.
You have claws for hands.
Your natural rate of healing is unusually fast.
You are covered in fur. (AC +1)
You have extremely tough skin. (AC +3)


Message History

You bump into the rock wall.
Sigmund barely misses you.
You bump into the rock wall.
You feel less confused. You block Sigmund's attack.
Sigmund casts a spell at you. You resist with some effort.
Sigmund points at you and mumbles some strange words.
The puff of flame hits you!
* * * LOW HITPOINT WARNING * * *
Sigmund points at you and mumbles some strange words.
You resist with some effort. Sigmund gestures at you while chanting.
You resist with some effort. Sigmund casts a spell at you.
The puff of flame hits you!
* * * LOW HITPOINT WARNING * * *
Sigmund says, "Your kind have come here before.
I understand now why.
You desire death..."
Sigmund gestures at you while chanting. The puff of flame hits you.
You die...

##################
.................#
################@#
...............#.#
..############.#.#
..# #.#.#
.†########## #.#.#
#........... #.#.#
............ #.#.#
.............#.#@#
.###########.#.#.#


You could see Sigmund.

Vanquished Creatures
  A gnoll (D:1)
  3 adders (D:2)
  2 dart slugs (D:1)
  4 leopard geckos
  4 giant cockroaches (D:1)
  4 goblins
  5 hobgoblins
  2 jackals (D:1)
  2 quokkas (D:2)
  A ball python (D:1)
  2 bats (D:2)
  5 frilled lizards
  4 kobolds
  3 rats
42 creatures vanquished.

Notes
Turn   | Place    | Note
-------+----------+-------------------------------------------
     0 | D:1      | Zeld the Troll Hunter began the quest for the Orb.
     0 | D:1      | Reached XP level 1. HP: 19/19 MP: 0/0
   121 | D:1      | Reached XP level 2. HP: 25/28 MP: 1/1
   150 | D:1      | Reached skill level 4 in Throwing
   281 | D:1      | Reached XP level 3. HP: 35/35 MP: 2/2
  1444 | D:2      | Reached XP level 4. HP: 41/42 MP: 3/3
  1797 | D:2      | Found a blossoming altar of Fedhas.
  1800 | D:2      | Noticed Sigmund
  1866 | D:2      | HP: 2/42 [Sigmund/puff of flame (10)]
  1871 | D:2      | Killed from afar by Sigmund

Illustrated notes

Levels and vault maps discovered:
D:1:      dpeg_arrival_circle_labyrinth_a, layout_basic, st_stairs_10
D:2:      layout_basic, lemuel_altar_in_water, uniq_robin, uniq_sigmund

Skill      XL: |  1  2 |
---------------+-------+-----
Throwing       | 4 |  4.5
Fighting       | 2 |  2.2
Dodging        | 2 |  2.2
Stealth        | |  0.3

Action                   |  1- 3 |  4- 6 || total
-------------------------+-------+-------++-------
Melee: Unarmed           |   129 |    19 ||   148
 Stab: Sleeping          |     1 |       ||     1
Armor: Robe              |    53 |     2 ||    55
Dodge: Dodged            |    49 |     8 ||    57
Block: Kite shield       |    27 |     6 ||    33
